Map: Deathaura LE

Players

goblin - Winner!

  • Race: Protoss Protoss
  • League: Grandmaster
  • Spawn Location: 11:00

Van (Vanya)

  • Race: Zerg Zerg
  • League: Master
  • Spawn Location: 5:00

Event: DreamHack SC2 Masters 2020 Fall

VOD

Have the link to the VOD?

Description

Time

  • Played on: Sept. 1, 2020, 2:22 p.m.
  • Length: 11:20

All games in this series

Show
View Real Time Build Order
Export as new Build Order

goblin Protoss - Winner!

Build Orders: 1 Gate Expand 

Get SALT Encoding   

  12  0:00  Probe  
  13  0:12  Probe  
  14  0:17  Pylon  
  14  0:24  Probe (Chrono Boost)  
  16  0:36  Gateway  
  16  0:37  Probe (Chrono Boost)  
  16  0:43  Probe (Chrono Boost)  
  16  0:46  Assimilator  
  17  0:51  Probe  
  18  1:03  Probe  
  19  1:19  Nexus  
  19  1:23  Probe  
  20  1:33  Cybernetics Core  
  20  1:36  Probe  
  21  1:43  Assimilator  
  21  1:48  Probe  
  21  1:51  Pylon  
  22  2:01  Probe (Chrono Boost)  
  23  2:07  Stalker (Chrono Boost)  
  23  2:11  Probe (Chrono Boost)  
  26  2:16  Probe (Chrono Boost)  
  26  2:22  Stargate  
  28  2:30  Warp Gate  
  28  2:31  Probe (Chrono Boost)  
  28  2:33  Probe (Chrono Boost)  
  28  2:35  Adept  
  31  2:42  Probe (Chrono Boost)  
  31  2:43  Probe (Chrono Boost)  
  33  2:47  Probe (Chrono Boost)  
  34  2:52  Probe  
  34  2:57  Void Ray (Chrono Boost)  
  35  2:59  Probe  
  35  3:04  Probe  
  37  3:09  Pylon  
  37  3:11  Probe  
  42  3:15  Assimilator  
  42  3:16  Assimilator, Probe  
  43  3:23  Probe  
  44  3:27  Void Ray, Pylon  
  44  3:30  Probe (Chrono Boost)  
  49  3:35  Probe (Chrono Boost)  
  51  3:45  Probe (Chrono Boost)  
  51  3:46  Probe (Chrono Boost)  
  52  3:52  Probe  
  52  3:53  Stargate  
  52  3:54  Probe  
  54  3:56  Pylon  
  54  4:05  Probe  
  54  4:06  Probe  
  54  4:07  Void Ray (Chrono Boost)  
  56  4:17  Probe  
  61  4:18  Probe  
  61  4:19  Pylon  
  61  4:23  Zealot  
  64  4:25  Protoss Air Weapons Level 1  
  64  4:37  Pylon  
  64  4:38  Void Ray (Chrono Boost)  
  64  4:39  Void Ray (Chrono Boost)  
  72  4:47  Nexus  
  72  4:56  Shield Battery  
  72  5:02  Shield Battery  
  72  5:10  Void Ray (Chrono Boost), Probe x2  
  74  5:14  Adept  
  74  5:18  Void Ray (Chrono Boost)  
  74  5:20  Pylon  
  84  5:21  Pylon  
  84  5:22  Shield Battery  
  84  5:32  Probe  
  84  5:33  Probe  
  86  5:38  Adept  
  88  5:44  Void Ray (Chrono Boost)  
  88  5:48  Fleet Beacon  
  93  5:50  Probe (Chrono Boost)  
  93  5:51  Probe (Chrono Boost)  
  94  5:59  Assimilator  
  94  6:01  Assimilator, Probe (Chrono Boost)  
  94  6:02  Probe (Chrono Boost)  
  94  6:03  Pylon  
  90  6:05  Probe (Chrono Boost)  
  90  6:07  Probe (Chrono Boost)  
  91  6:18  Gateway  
  91  6:21  Probe  
  91  6:25  Void Ray  
  91  6:27  Unknown  
  91  6:28  Pylon  
  91  6:30  Pylon  
  91  6:36  Pylon  
  91  6:38  Gateway  
  91  6:39  Pylon  
  91  6:48  Probe x2 (Chrono Boost)  
  91  6:52  Gateway  
  91  6:53  Pylon, Probe (Chrono Boost)  
  89  6:57  Probe (Chrono Boost)  
  89  7:01  Probe (Chrono Boost)  
  89  7:05  Void Ray x2  
  89  7:07  Pylon  
  97  7:20  Zealot  
  99  7:24  Cybernetics Core  
  99  7:27  Cybernetics Core  
  99  7:33  Nexus  
  99  7:38  Pylon  
  99  7:43  Forge  
  99  7:44  Void Ray x2  
  107  7:57  Pylon x2  
  105  8:17  Photon Cannon  
  105  8:23  Protoss Air Armor Level 1 (Chrono Boost)  
  105  8:24  Carrier (Chrono Boost)  
  105  8:25  Protoss Air Weapons Level 2 (Chrono Boost)  
  111  8:37  Carrier (Chrono Boost)  
  117  8:54  Shield Battery  
  116  9:07  Pylon  
  116  9:08  Pylon  
  116  9:10  Pylon x2  
  116  9:13  Pylon  
  116  9:14  Nexus  
  116  9:16  Pylon x2  
  116  9:17  Pylon  
  116  9:19  Pylon  
  116  9:26  Carrier (Chrono Boost)  
  122  9:42  Carrier (Chrono Boost)  
  128  9:46  Shield Battery  
  128  9:56  Shield Battery  
  127  10:10  Pylon  
  125  10:16  Shield Battery  
  125  10:17  Photon Cannon  
  125  10:18  Photon Cannon  
  129  10:37  Zealot  
  129  10:38  Zealot  
  135  11:08  Nexus, Pylon  
  135  11:09  Pylon  
Show
View Real Time Build Order
Export as new Build Order

Van Zerg 

Build Orders: Hatch First 

Get SALT Encoding   

  12  0:00  Drone  
  13  0:12  Overlord  
  13  0:16  Drone  
  14  0:30  Drone x2  
  16  0:47  Hatchery  
  15  0:50  Drone  
  15  0:53  Drone  
  17  0:57  Drone  
  18  1:08  Extractor  
  17  1:12  Spawning Pool  
  17  1:16  Drone  
  17  1:19  Drone  
  18  1:28  Drone  
  19  1:39  Drone  
  20  1:50  Overlord  
  20  1:59  Queen x2  
  20  2:00  Zergling x4  
  26  2:10  Drone x2  
  28  2:17  Metabolic Boost  
  28  2:20  Drone  
  29  2:23  Drone  
  30  2:33  Hatchery  
  30  2:35  Drone  
  30  2:42  Queen  
  32  2:50  Overlord  
  32  2:51  Drone  
  33  2:52  Drone  
  33  2:54  Drone  
  33  2:56  Drone  
  36  3:09  Drone x4  
  36  3:10  Overlord  
  40  3:18  Drone, Queen  
  43  3:22  Drone  
  44  3:29  Drone, Spore Crawler  
  44  3:31  Drone  
  45  3:39  Drone x2  
  45  3:41  Evolution Chamber  
  46  3:45  Queen  
  46  3:46  Drone  
  50  3:48  Drone x3  
  50  3:50  Spore Crawler  
  50  3:53  Overlord  
  51  3:57  Overlord  
  51  4:06  Overlord  
  51  4:08  Zerg Melee Weapons Level 1  
  51  4:12  Drone x6  
  57  4:19  Drone  
  57  4:21  Drone x2  
  57  4:22  Extractor  
  58  4:32  Hatchery  
  58  4:33  Zergling x10  
  62  4:41  Overlord  
  62  4:42  Zergling x2  
  62  4:43  Zergling x8  
  67  4:51  Baneling Nest  
  66  4:56  Spore Crawler  
  66  4:58  Zergling x16  
  72  5:05  Overlord  
  72  5:07  Overlord  
  72  5:18  Zergling x12  
  75  5:25  Zergling x16  
  83  5:38  Baneling x12  
  83  5:39  Lair, Zergling x6  
  86  5:44  Overlord  
  86  5:46  Zergling x6  
  86  5:53  Zergling x4  
  86  5:54  Overlord  
  86  5:55  Overlord  
  80  6:07  Zergling x18  
  83  6:12  Zergling x2  
  80  6:19  Zergling x12  
  81  6:27  Zergling x10  
  81  6:28  Baneling x5  
  81  6:30  Queen  
  86  6:37  Zergling x12  
  89  6:42  Queen  
  89  6:46  Queen  
  88  6:55  Queen  
  87  7:01  Overlord  
  87  7:06  Queen  
  87  7:08  Drone x2  
  89  7:10  Zerg Melee Weapons Level 2  
  89  7:11  Drone  
  89  7:12  Drone x5  
  83  7:19  Spore Crawler  
  83  7:20  Drone x4  
  83  7:21  Drone  
  88  7:22  Drone  
  88  7:30  Spore Crawler  
  88  7:31  Queen  
  88  7:37  Extractor, Hydralisk Den  
  88  7:40  Zergling x12  
  93  7:49  Zergling x16  
  101  7:57  Extractor  
  100  7:59  Queen, Extractor  
  100  8:04  Drone x9  
  109  8:11  Extractor  
  107  8:15  Extractor, Nydus Network  
  107  8:16  Overlord  
  105  8:20  Overlord  
  105  8:27  Overlord  
  104  8:35  Extractor  
  104  8:36  Grooved Spines  
  104  8:38  Hydralisk x3  
  109  8:43  Hatchery  
  109  8:44  Hydralisk  
  109  8:48  Overlord  
  106  8:49  Hydralisk  
  108  8:57  Hydralisk x2  
  108  9:10  Hydralisk x4  
  116  9:17  Nydus Canal  
  116  9:22  Hydralisk  
  116  9:23  Hydralisk  
  120  9:27  Spore Crawler  
  120  9:29  Hydralisk x2  
  121  9:33  Hydralisk  
  121  9:39  Hydralisk  
  121  9:41  Hydralisk  
  125  9:46  Hydralisk  
  127  9:57  Overlord  
  123  10:05  Overlord x3  
  123  10:06  Overlord  
  107  10:08  Overlord  
  107  10:11  Overlord  
  107  10:17  Hydralisk x2  
  107  10:20  Overlord x3  
  111  10:23  Hydralisk, Nydus Canal  
  111  10:27  Hydralisk  
  113  10:31  Hydralisk  
  115  10:36  Hydralisk x2  
  115  10:38  Hydralisk  
  112  10:44  Hydralisk  
  110  10:50  Hydralisk  
  110  10:57  Hatchery  

Tags
 
Add a new tag
Caveats
  • Supply blocks, unpowered buildings, or Contaminate may cause inaccurate times.
  • Supply counts are checked every 10 seconds.